cohdb
Replays
Latest Replays
All Replays
Popular Replays
Top Player Replays
Match Explorer
How It Works
Community
CoH3 Stats
Reddit
Sign in to upload your games and track your stats! →
Sign in with Steam
Match 43058699
Unlisted
Match 43058699
Overview
Messages
Build Orders
End
Construct Infanterie Kompanie
Selects Terror Battlegroup
Kettenkrad Recon Vehicle
MG 42 Machine Gun Team
Selects Machine Gun Camouflage
MG 42 Machine Gun Team
MG 42 Machine Gun Team
Grenadier Squad
Construct Panzergrenadier Kompanie
Panzergrenadier Squad
Medical Station
Selects Contempt for the Weak
Pak 40 Anti-tank Gun Team
Panzergrenadier Squad
MG 42 Bunker
Construct Panzer Kompanie
Panzer IV Medium Tank
Selects No Quarter
Sturmpanzer IV Brummbär
Stoßtruppen Squad
Side Skirts
MG 42 Machine Gun Team
Panzer IV Medium Tank
Selects King Tiger Heavy Tank
FR
matrix4x4
0
0
Comments
sign in to comment!
No comments posted yet!